 Dungeon Crawl Stone Soup version 0.27-a0-1565-gad902ab (webtiles) character file.

Game seed: 11141187857274955077

63268 Meow the Devastator (level 15, -3/138 HPs)
             Began as a Ghoul Conjurer on July 16, 2021.
             Was an Initiate of Gozag.
             Slain by an orc warrior (4 damage)
             ... on level 11 of the Dungeon.
             The game lasted 01:14:44 (22756 turns).

Meow the Devastator (Ghoul Conjurer)               Turns: 22756, Time: 01:14:44

Health: -3/138     AC: 14    Str: 13    XL:     15   Next: 9%
Magic:  25/29      EV: 15    Int: 20    God:    Gozag
Gold:   5313       SH:  0    Dex:  7    Spells: 11/37 levels left

rFire    . . .     SeeInvis .   a - +11 dagger of World's End {drain, Int+2}
rCold    + . .     Faith    .   (no shield)
rNeg     + + +     Spirit   .   u - +2 robe of Vines {NoPotionHeal Regen+++}
rPois    ∞         Reflect  .   B - +2 helmet
rElec    .         Harm     .   G - +1 cloak {Stlth+}
rCorr    .         Rampage  .   (no gloves)
Will     +....                  k - +0 pair of boots
Stlth    +++.......             (no amulet)
HPRegen  0.00/turn              g - +4 ring of protection
MPRegen  0.21/turn              x - +4 ring of evasion

@: gold aura
A: claws 1, cold resistance 1, negative energy resistance 3, inhibited
regeneration, torment resistance 2
a: Renounce Religion, Potion Petition, Call Merchant, Bribe Branch


You were on level 11 of the Dungeon.
You worshipped Gozag.
Gozag was greatly pleased with you.
You visited 4 branches of the dungeon, and saw 19 of its levels.
You also visited: Sewer, Bailey and Gauntlet.

You collected 5482 gold pieces.
You spent 65 gold pieces at shops.
You paid 104 gold pieces to Gozag.

Inventory:

Hand Weapons
 a - the +11 dagger of World's End (weapon) {drain, Int+2}
   (You found it on level 6 of the Dungeon)

   A truly terrible weapon, it drains the life of any living foe it strikes.
   Int:       It affects your intelligence (+2).
Missiles
 j - 11 curare-tipped darts
 l - 447 stones (quivered)
 o - 7 silver boomerangs
 q - 56 poisoned darts
 t - 93 bolts
 z - 235 arrows
 N - 5 atropa-tipped darts
 O - 7 silver javelins
Armour
 b - a +0 kite shield
 k - a +0 pair of boots (worn)
 u - the +2 robe of Vines (worn) {NoPotionHeal Regen+++}
   (You found it on level 1 of the Lair of Beasts)

   Its wearer cannot be healed by potions.
   Regen:     It increases your rate of health regeneration.
 B - a +2 helmet (worn)
 G - a +1 cloak of stealth (worn)
 J - a +2 leather armour of fire resistance
Magical Staves
 H - a staff of air
Jewellery
 g - a +4 ring of protection (left claw)
 w - a ring of protection from fire
 x - a +4 ring of evasion (right claw)
 K - a ring of see invisible
 U - a ring of willpower
 W - a +6 ring of dexterity
 X - a ring of magical power
Wands
 d - a wand of flame (72)
 p - a wand of iceblast (30)
 A - a wand of digging (7)
 R - a wand of paralysis (17)
Scrolls
 e - 4 scrolls of magic mapping
 h - 6 scrolls of identify
 n - 3 scrolls of enchant weapon
 s - 2 scrolls of fear {unknown}
 v - 2 scrolls of immolation
 y - a scroll of teleportation
 E - 3 scrolls of silence
 F - 3 scrolls of fog
 I - a scroll of brand weapon {unknown}
 M - a scroll of vulnerability {unknown}
 P - a scroll of summoning {unknown}
 Q - 2 scrolls of enchant armour {unknown}
 S - a scroll of amnesia {unknown}
Potions
 c - 8 potions of flight
 f - 9 potions of curing
 i - 3 potions of heal wounds
 m - a potion of mutation
 r - a potion of invisibility
 C - 2 potions of magic
 T - a potion of cancellation {unknown}
 V - a potion of brilliance
Miscellaneous
 L - a phial of floods (inert)


   Skills:
 - Level 14.0 Fighting
 - Level 1.7 Dodging
 - Level 2.1 Stealth
 + Level 11.8 Spellcasting
 + Level 15.0 Conjurations
 + Level 0.0 Hexes


You had 11 spell levels left.
You knew the following spells:

 Your Spells              Type           Power      Damage    Failure   Level
a - Magic Dart            Conj           100%       1d8       0%          1
b - Searing Ray           Conj           100%       3d7       1%          2
c - Mephitic Cloud        Conj/Pois/Air  31%        N/A       2%          3
d - Poisonous Vapours     Pois/Air       22%        N/A       9%          2
f - Fulminant Prism       Conj/Hex       20%        3d13      2%          4
g - Lightning Bolt        Conj/Air       20%        1d35      8%          5
A - Iskenderun's Mystic   Conj/Tloc      41%        2d9       2%          4
F - Freezing Cloud        Conj/Ice/Air   15%        6-21      21%         5

Your spell library contained the following spells:

 Spells                   Type           Power      Damage    Failure   Level
 Dazzling Flash           Conj/Hex       82%        N/A       1%          3
 Apportation              Tloc           22%        N/A       6%          1
 Slow                     Hex            11%        N/A       9%          2
 Call Canine Familiar     Summ           11%        N/A       17%         3
 Confusing Touch          Hex            11%        N/A       17%         3
 Ozocubu's Armour         Ice            11%        N/A       17%         3
 Portal Projectile        Hex/Tloc       22%        N/A       17%         3
 Airstrike                Air            5%         N/A       50%         4
 Leda's Liquefaction      Hex/Erth       5%         N/A       50%         4
 Summon Lightning Spire   Summ/Air       11%        N/A       50%         4
 Metabolic Englaciation   Hex/Ice        5%         N/A       85%         5
 Silence                  Hex/Air        5%         N/A       85%         5
 Yara's Violent Unravell  Hex/Tmut       5%         3d4       85%         5
 Simulacrum               Ice/Necr       5%         N/A       100%        6
 Maxwell's Capacitive Co  Air            5%         ∞         100%        8
 Polar Vortex             Ice            5%         N/A       100%        9
 Storm Form               Tmut/Air       Unusable   N/A       N/A         7

Dungeon Overview and Level Annotations

Branches:
Dungeon (11/15)            Temple (1/1) D:6            Lair (6/6) D:8
  Swamp (0/4) Lair:3        Snake (0/4) Lair:4        Slime (0/5) Lair:5
    Orc (1/2) D:11          Sewer (visited)          Bailey (visited)
Gauntlet (visited)

Altars:
Ashenzari
Cheibriados
Dithmenos
Elyvilon
Fedhas
Gozag
Hepliaklqana
Kikubaaqudgha
Makhleb
Nemelex Xobeh
Okawaru
Qazlal
Ru
Sif Muna
Trog
Uskayaw
Vehumet
Wu Jian
Xom
Yredelemnul
Zin
The Shining One
Beogh
Jiyva

Shops:
D:2 (   D:4 !

Annotations:
D:3 1 runed translucent door, Crazy Yiuf
D:11 Erica
Lair:5 1 runed translucent door, Faphuc's ghost, journeyman HOFi


Innate Abilities, Weirdness & Mutations

You thrive by killing the living.
You are immune to poison.
You have sharp fingernails.
Your flesh is cold resistant. (rC+)
You are immune to negative energy. (rN+++)
You do not regenerate when monsters are visible.
You are immune to unholy pain and torment.


Message History

The deep elf zephyrmancer is engulfed in noxious fumes.
The deep elf zephyrmancer appears confused.
The deep elf zephyrmancer is distracted by your dazzling golden aura.
The orc warrior is engulfed in noxious fumes.
The orc warrior appears confused.
The orc warrior hits you but does no damage.
The orc wizard casts a spell.
The orc wizard flickers and vanishes!
The deep elf zephyrmancer is engulfed in noxious fumes.
The deep elf zephyrmancer appears confused.
Unknown command.
Unknown command.
Unknown command.
Unknown command.
Unknown command.
You can't go up here!
Unknown command.
Unknown command.
Unknown command.
You barely miss the orc.
The orc warrior closely misses the orc.
The orc warrior closely misses itself.
The orc barely misses you.
Unknown command.
You hit the orc but do no damage. You drain the orc.
The orc is severely wounded.
The deep elf zephyrmancer is no longer distracted by gold.
The orc completely misses you.
The orc warrior hits you but does no damage.
The deep elf zephyrmancer misses you.
The orc warrior screams, "NO!
I can't bear this much noise."
The orc warrior hits the orc with a +1 long sword of holy wrath!
The orc is killed!
The deep elf zephyrmancer barely misses the orc warrior.
The deep elf zephyrmancer hits itself with a +0 long sword.
You hear a shout!
Unknown command.
Unknown command.
You closely miss something.
The orc warrior hits you with a +0 scimitar.
You die...
Your body crumbles into a pile of gold.

..........#####
######..## #.##
#.# #.# #.#
#.## ##..## .
#8{@.#
....#)oo.#
._.{o..>e#
...o#o.$.# ...
#8...# ##
######


You could see a deep elf zephyrmancer (confused, drained), 2 orc warriors, 2 orc
priests and an orc wizard.

Vanquished Creatures
  An orc warlord (Orc:1)
  A minotaur (Gauntlet)
  10 hydras
  4 two-headed ogres
  A deep troll shaman (Lair:6)
  2 centaur warriors
  2 catoblepae
  8 death yaks
  A death scarab (Gauntlet)
  Nergalle (Lair:4)
  Sonja (Lair:5)
  2 bog bodies (Lair:3)
  2 orc knights
  5 manticores (D:11)
  2 oklob plants (Lair:4)
  3 cyclopes
  A deep elf pyromancer (Orc:1)
  4 elephants (Lair:6)
  A torpor snail (Lair:6)
  2 black mambas (Lair:4)
  A gargoyle (D:11)
  13 cane toads
  An unseen horror (D:11)
  2 rime drakes
  5 komodo dragons
  A yaktaur (D:10)
  A queen bee (Gauntlet)
  3 trolls (D:11)
  3 polar bears
  A tyrant leech (Gauntlet)
  12 blink frogs
  5 dream sheep (Lair:4)
  2 hornets
  Sigmund (D:4)
  A wraith (D:10)
  3 wyverns
  5 basilisks
  51 yaks
  A steam dragon (D:9)
  3 vampire mosquitoes (D:10)
  2 wargs (Orc:1)
  Menkaure (D:5)
  4 swamp worms (Gauntlet)
  A spectral cane toad (Gauntlet)
  2 nagas (Lair:4)
  13 water moccasins
  An acid dragon (D:11)
  2 hornet zombies (D:8)
  2 ice beasts
  19 orc warriors
  2 black bears (D:7)
  6 ogres
  A sky beast (D:6)
  2 necrophages (D:8)
  The ghost of Charun the Conjurer, an amateur DrCj of Lugonu (D:3)
  16 wolves
  A centaur (D:10)
  2 phantoms
  4 kobold brigands
  11 bullfrogs
  3 gnoll sergeants
  2 scorpions
  3 water moccasin skeletons
  25 killer bees
  19 wights
  A vampire bat (Lair:4)
  2 electric eels (Lair:3)
  8 howler monkeys
  A bullfrog zombie (D:6)
  7 centaur zombies
  2 gnoll shamans
  2 hounds (D:6)
  2 jellies
  3 bullfrog skeletons (D:6)
  9 orc priests
  An iguana (D:5)
  12 orc wizards
  A killer bee zombie (D:6)
  A hound skeleton (D:5)
  A mummy (D:8)
  3 howler monkey zombies
  16 gnolls
  10 adders
  7 river rats
  A shadow imp (D:7)
  4 worms
  4 dart slugs
  55 orcs
  11 endoplasms
  6 giant cockroaches
  8 goblins
  7 hobgoblins
  4 jackals
  3 quokkas
  9 ball pythons
  6 bats
  5 frilled lizards
  29 kobolds
  7 rats
  A butterfly (Lair:5)
563 creatures vanquished.

Vanquished Creatures (others)
  An orc (Orc:1)
  37 fulminant prisms
  40 fungi
  62 plants
140 creatures vanquished.

Grand Total: 703 creatures vanquished

Notes
Turn   | Place    | Note
-------+----------+-------------------------------------------
     0 | D:1      | Meow the Ghoul Conjurer began the quest for the Orb.
     0 | D:1      | Reached XP level 1. HP: 14/14 MP: 2/2
   301 | D:1      | Reached XP level 2. HP: 20/20 MP: 0/4
   620 | D:1      | Learned a level 2 spell: Searing Ray
   998 | D:1      | Found a faded altar of an unknown god.
  1048 | D:1      | Reached XP level 3. HP: 26/26 MP: 2/5
  2174 | D:2      | Found Yrgholle's Antique Weapon Shoppe.
  2341 | D:2      | Reached skill level 4 in Conjurations
  2341 | D:2      | Reached XP level 4. HP: 33/33 MP: 3/7
  2355 | D:2      | Learned a level 4 spell: Iskenderun's Mystic Blast
  3038 | D:3      | Found a glowing drain.
  3046 | Sewer    | Entered a sewer
  3051 | Sewer    | Reached XP level 5. HP: 38/38 MP: 2/8
  3137 | Sewer    | Noticed a kobold brigand
  3204 | Sewer    | Killed a kobold brigand
  3388 | D:3      | Reached XP level 6. HP: 38/45 MP: 2/10
  3623 | D:3      | Found a runed translucent gate.
  3904 | D:3      | Found a runed translucent door.
  3905 | D:3      | Noticed Crazy Yiuf
  4058 | D:3      | Found a runed translucent gate.
  4058 | D:3      | Found a runed translucent gate.
  4061 | D:3      | Noticed Charun's ghost (amateur DrCj)
  4299 | D:3      | Killed Charun's ghost
  4300 | D:3      | Reached skill level 5 in Conjurations
  4631 | D:4      | Reached XP level 7. HP: 50/50 MP: 2/12
  4736 | D:4      | Noticed Sigmund
  4744 | D:4      | Killed Sigmund
  4745 | D:4      | Reached skill level 6 in Conjurations
  4895 | D:4      | Found a sacrificial altar of Ru.
  5027 | D:4      | Found Cualofut's Distillery.
  5088 | D:4      | Bought a potion of heal wounds for 65 gold pieces
  5407 | D:4      | Learned a level 2 spell: Poisonous Vapours
  5563 | D:4      | Reached XP level 8. HP: 57/66 MP: 4/13
  5739 | D:5      | Entered Level 5 of the Dungeon
  5858 | D:5      | Noticed Menkaure
  5865 | D:5      | Killed Menkaure
  6163 | D:5      | Reached skill level 5 in Fighting
  6163 | D:5      | Reached skill level 7 in Conjurations
  6820 | D:6      | Reached XP level 9. HP: 75/78 MP: 1/14
  7157 | D:6      | Reached skill level 8 in Conjurations
  7214 | D:6      | Identified the +11 dagger of World's End {drain, Int+2}
  7289 | D:6      | Found a staircase to the Ecumenical Temple.
  7443 | Temple   | Entered the Ecumenical Temple
  7689 | Temple   | Became a worshipper of Gozag Ym Sagoz the Greedy
  8381 | D:6      | Identified a scroll of acquirement
  8383 | D:6      | Acquired 485 gold pieces
  8863 | D:7      | Reached skill level 10 in Fighting
  9084 | D:7      | Reached XP level 10. HP: 91/94 MP: 4/15
  9099 | D:7      | Learned a level 3 spell: Mephitic Cloud
  9641 | D:7      | Learned a level 4 spell: Fulminant Prism
  9961 | D:8      | Noticed a two-headed ogre
  9973 | D:8      | Killed a two-headed ogre
 10062 | D:8      | Found a flagged portal.
 10139 | Bailey   | Entered a bailey
 10799 | Bailey   | Noticed an orc knight
 10802 | Bailey   | Killed an orc knight
 10807 | Bailey   | Reached skill level 5 in Spellcasting
 11385 | D:8      | Found a staircase to the Lair.
 11540 | D:8      | Reached skill level 9 in Conjurations
 11658 | D:8      | Reached XP level 11. HP: 97/104 MP: 12/18
 12420 | Lair:1   | Entered Level 1 of the Lair of Beasts
 12976 | Lair:1   | Found the +2 robe of Vines {NoPotionHeal Regen+++}
 13064 | Lair:1   | Reached skill level 10 in Conjurations
 13403 | Lair:2   | Found a gate leading to a gauntlet.
 13412 | Gauntlet | Entered a Gauntlet
 13412 | Gauntlet | Noticed a death scarab
 13412 | Gauntlet | Found a transporter.
 13412 | Gauntlet | Found a transporter.
 13413 | Gauntlet | Found a transporter.
 13416 | Gauntlet | Found a transporter.
 13416 | Gauntlet | Found a transporter.
 13416 | Gauntlet | Found a transporter.
 13416 | Gauntlet | Noticed a death scarab
 13430 | Gauntlet | Found a transporter.
 13432 | Gauntlet | Found a large runed translucent door.
 13433 | Gauntlet | Found a large runed translucent door.
 13434 | Gauntlet | Found a large runed translucent door.
 13434 | Gauntlet | Found a large runed translucent door.
 13434 | Gauntlet | Found a runed translucent door.
 13435 | Gauntlet | Found a large runed translucent door.
 13436 | Gauntlet | Found a large runed translucent door.
 13436 | Gauntlet | Noticed a wizard
 13437 | Gauntlet | Found a large runed translucent door.
 13437 | Gauntlet | Found a large runed translucent door.
 13438 | Gauntlet | Found a runed translucent gate.
 13438 | Gauntlet | Noticed a wizard
 13444 | Gauntlet | Found a transporter.
 13449 | Gauntlet | Found a transporter.
 13449 | Gauntlet | Found a runed translucent gate.
 13450 | Gauntlet | Found a runed translucent gate.
 13451 | Gauntlet | Found a large runed translucent door.
 13451 | Gauntlet | Found a large runed translucent door.
 13452 | Gauntlet | Found a large runed translucent door.
 13453 | Gauntlet | Found a large runed translucent door.
 13462 | Gauntlet | Found a large runed translucent door.
 13462 | Gauntlet | Found a large runed translucent door.
 13462 | Gauntlet | Found a runed translucent door.
 13463 | Gauntlet | Found a large runed translucent door.
 13464 | Gauntlet | Found a large runed translucent door.
 13466 | Gauntlet | Found a transporter.
 13470 | Gauntlet | Found a transporter.
 13542 | Gauntlet | Found a transporter.
 13661 | Gauntlet | Learned a level 5 spell: Lightning Bolt
 13673 | Gauntlet | Killed a death scarab
 13938 | Gauntlet | Identified the +0 ring mail "Urar Ura" {SInv}
 14043 | Gauntlet | Identified the +3 arbalest "Vonumal" {freeze, Dex+3 Stlth+}
 14043 | Gauntlet | Noticed a minotaur
 14101 | Gauntlet | Got the Almanac of the Compass and Beguiling
 14151 | Gauntlet | Killed a minotaur
 14152 | Gauntlet | Reached XP level 12. HP: 84/115 MP: 2/22
 14360 | Lair:2   | Noticed a five-headed hydra
 14379 | Lair:2   | Killed a five-headed hydra
 14470 | Lair:2   | Found a shadowy altar of Dithmenos.
 14944 | Lair:2   | Reached skill level 11 in Conjurations
 15189 | Lair:3   | Found a staircase to the Swamp.
 15478 | Lair:3   | Noticed a seven-headed hydra
 15496 | Lair:3   | Killed a seven-headed hydra
 15513 | Lair:3   | Noticed a five-headed hydra
 15829 | Lair:3   | Killed a five-headed hydra
 15830 | Lair:3   | Reached XP level 13. HP: 124/124 MP: 8/24
 16257 | Lair:4   | Noticed Nergalle
 16277 | Lair:4   | Killed Nergalle
 16278 | Lair:4   | Reached skill level 12 in Conjurations
 16931 | Lair:4   | Found a staircase to the Snake Pit.
 17427 | Lair:4   | Reached skill level 10 in Spellcasting
 18258 | Lair:5   | Noticed Sonja
 18266 | Lair:5   | Killed Sonja
 18273 | Lair:5   | Reached skill level 13 in Conjurations
 18377 | Lair:5   | Found a runed translucent door.
 18543 | Lair:5   | Found a viscous altar of Jiyva.
 18543 | Lair:5   | Found a staircase to the Slime Pits.
 19021 | Lair:5   | Noticed Faphuc's ghost (journeyman HOFi)
 19127 | Lair:5   | Learned a level 5 spell: Freezing Cloud
 19129 | Lair:6   | Entered Level 6 of the Lair of Beasts
 19252 | Lair:6   | Reached XP level 14. HP: 106/132 MP: 9/27
 19739 | Lair:6   | Reached skill level 14 in Conjurations
 20129 | Lair:6   | Noticed a dire elephant
 20529 | Lair:1   | Identified the +3 scale mail of Jahoneqo {Harm Stlth+}
 21411 | D:10     | Entered Level 10 of the Dungeon
 21662 | D:10     | Found a runed translucent door.
 22542 | D:11     | Noticed Erica
 22548 | D:11     | Reached XP level 15. HP: 79/138 MP: 24/29
 22578 | D:11     | Found a staircase to the Orcish Mines.
 22594 | Orc:1    | Entered Level 1 of the Orcish Mines
 22597 | Orc:1    | Noticed an orc warlord
 22615 | Orc:1    | Killed an orc warlord
 22616 | Orc:1    | Reached skill level 15 in Conjurations
 22751 | D:11     | HP: 1/138 [orc warrior (14)]
 22756 | D:11     | Slain by an orc warrior

Illustrated notes

Levels and vault maps discovered:
D:1:      psy_arrival_basics, layout_basic,
          hellmonk_ecumenical_altar_leap_of_faith
D:2:      layout_basic, serial_shops, shop, corner_web_ring,
          grunt_ministairs_14, minmay_box_of_dots
D:3:      layout_loops_ring, gammafunk_ghost_nasty_kobolds,
          lightli_sewer_entry_pipes, st_stairs_11, uniq_crazy_yiuf_cottage
D:4:      layout_basic, lemuel_round_altar, serial_shops, shop,
          eino_small_chamber_without_monster, uniq_sigmund
D:5:      layout_rooms, uniq_menkaure
D:6:      layout_rooms, lemuel_temple_firewalk_b
D:7:      layout_basic
D:8:      layout_layer_cave, lair_entry_dummy, enter_bailey_3, serial_undead,
          serial_undead_a, serial_undead_b, serial_undead_d, serial_undead_f
D:9:      layout_basic
D:10:     layout_cave_pools, minmay_st_funbox
D:11:     nzn_winding_woodlands_stair_cross [nzn_winding_woodlands_5x15_cabin,
          nzn_winding_woodlands_center_garden,
          nzn_winding_woodlands_5x15_concentric,
          nzn_winding_woodlands_5x5_closed_star,
          nzn_winding_woodlands_5x5_three, nzn_winding_woodlands_5x15_sawtooth,
          nzn_winding_woodlands_center_pierced_h,
          nzn_winding_woodlands_5x15_zeroes], layout_loops_cross,
          minmay_orc_entry_temple_small, uniq_erica
Temple:   nicolae_temple_the_god_donut
Lair:1:   layout_gridlike, guppyfry_lair_drakes
Lair:2:   layout_hall_layers, gauntlet_entry_generic, basic_altar, minivault_25
Lair:3:   statuecave_lemuel, layout_chaotic_city, skrybe_swamp_entry_bodies,
          infiniplex_staircase_pool
Lair:4:   layout_concentric_octagons, minmay_snake_entry_guardpost_small,
          roderic_batcave, grunt_megastairs_1, serial_bayou_shore_b,
          minmay_lair_oklob_chamber, uniq_nergalle
Lair:5:   layout_layer_cave, dpeg_slime_entry_enclosed_altar,
          ebering_ghost_reflecting_pool, chequers_serial_rivers_room_a,
          minivault_11, lemuel_fruit_tree, lemuel_fruit_fields, uniq_sonja
Lair:6:   grunt_lair_end_beastmaster, layout_long_grid
Orc:1:    nicolae_orc_accident_3, layout_caves, elves_outpost_lemuel

Skill      XL: |  1  2  3  4  5  6  7  8  9 10 11 12 13 14 15 |
---------------+----------------------------------------------+-----
Spellcasting   | 2 3 4 5 7 8 10 11 | 11.8
Conjurations   | 4 5 6 7 8 9 10 11 13 14 15 | 15.0
Fighting       | 3 6 10 12 13 14 | 14.0
Dodging        | |  1.7
Stealth        | |  2.1

Action                   |  1- 3 |  4- 6 |  7- 9 | 10-12 | 13-15 || total
-------------------------+-------+-------+-------+-------+-------++-------
Melee: Unarmed           |     9 |       |       |       |       ||     9
       Falchion          |    23 |    22 |    21 |       |       ||    66
       Dagger            |       |       |    42 |   251 |   497 ||   790
Throw: Dart              |       |       |     5 |       |     1 ||     6
       Stone             |       |       |       |       |     1 ||     1
 Cast: Magic Dart        |    31 |     3 |       |       |       ||    34
       Searing Ray       |    21 |    32 |    68 |    89 |    45 ||   255
       Iskenderun's Myst |       |       |     2 |     6 |    10 ||    18
       Mephitic Cloud    |       |       |       |    19 |     2 ||    21
       Lightning Bolt    |       |       |       |     4 |    24 ||    28
       Fulminant Prism   |       |       |       |    17 |    20 ||    37
       Freezing Cloud    |       |       |       |       |    37 ||    37
Evoke: Wand              |       |       |       |       |     2 ||     2
       Phial of floods   |       |       |       |       |     1 ||     1
  Use: Scroll            |       |     5 |     6 |     5 |     2 ||    18
       Potion            |       |     5 |       |     2 |       ||     7
 Stab: Sleeping          |       |     1 |       |     2 |     3 ||     6
       Distracted        |       |       |       |     3 |     2 ||     5
Armor: Robe              |    15 |     8 |    35 |   124 |   264 ||   446
Dodge: Dodged            |    23 |    36 |   106 |   287 |   467 ||   919
       Rpst.: Falchion   |    10 |    12 |    13 |       |       ||    35

Table legend: (Time is in decaauts)
 A = Elapsed time spent in this place.
 B = Non-inter-level travel time spent in this place.
 C = Inter-level travel time spent in this place.
 D = Time resting spent in this place.
 E = Time spent auto-exploring this place.
 F = Levels seen in this place.
 G = Mean time per level.
                   A        B        C        D        E       F      G
               +--------+--------+--------+--------+--------+-----+--------+
         Total |  22933 |  22036 |    897 |   6344 |  10456 |  22 | 1042.4 |
       Dungeon |  13239 |  12674 |    565 |   4185 |   5901 |  11 | 1203.5 |
        Temple |    259 |    247 |     12 |      0 |    241 |   1 |  259.0 |
          Lair |   7200 |   6881 |    319 |   1208 |   3726 |   6 | 1200.0 |
  Orcish Mines |     33 |     33 |      0 |      0 |      0 |   1 |   33.0 |
         Sewer |    350 |    350 |      0 |    129 |    139 |   1 |  350.0 |
        Bailey |    946 |    946 |      0 |    496 |    231 |   1 |  946.0 |
      Gauntlet |    903 |    903 |      0 |    326 |    216 |   1 |  903.0 |
               +--------+--------+--------+--------+--------+-----+--------+

Top non-repeatable levels by time:
     D:8: 1718 daAuts
  Lair:4: 1649 daAuts
     D:6: 1582 daAuts
     D:2: 1544 daAuts
     D:3: 1513 daAuts
     D:1: 1394 daAuts
  Lair:6: 1326 daAuts
     D:7: 1205 daAuts
  Lair:3: 1175 daAuts
  Lair:5: 1082 daAuts
     D:5: 1080 daAuts
  Lair:2: 1067 daAuts
     D:4: 1042 daAuts
  Bailey: 946 daAuts
Gauntlet: 903 daAuts
